 Dungeon Crawl Stone Soup version 0.31-a0-187-gba352fbbf7 (webtiles) character file.

Game seed: 9399613775510284689

39 qw the Shooter (level 3, 0/20 HPs)
             Began as a Deep Elf Hunter on June 22, 2023.
             Succumbed to their own poison gas
             ... on level 2 of the Dungeon.
             The game lasted 00:00:30 (1158 turns).

qw the Shooter (Deep Elf Hunter)                    Turns: 1158, Time: 00:00:30

Health: 0/20       AC:  5    Str: 10    XL:     3   Next: 26%
Magic:  5/5        EV: 11    Int: 11    God:
Gold:   102        SH:  0    Dex: 18    Spells: 2/2 levels left

rFire   + . .        Y - +0 shortbow
rCold   . . .        (shield currently unavailable)
rNeg    . . .        f - +0 ring mail
rPois   .            (no helmet)
rElec   .            (no cloak)
rCorr   .            (no gloves)
SInv    .            (no boots)
Will    .....        (no amulet)
Stlth   +            (no ring)
HPRegen 0.23/turn    (no ring)
MPRegen 0.09/turn

%: no passive effects
@: lethally poisoned (0 -> -14)
A: dopey 1, fire resistance 1
a: no special abilities


You were on level 2 of the Dungeon.
You visited 1 branch of the dungeon, and saw 2 of its levels.

You collected 102 gold pieces.


Innate Abilities, Weirdness & Mutations

You are dopey. (Int -2)
Your flesh is heat resistant. (rF+)


   Skills:
 - Level 1.5 Fighting
 + Level 6.8 Ranged Weapons
 - Level 2.4 Dodging
 - Level 1.2 Stealth


You had 2 spell levels left.
You didn't know any spells.
Your spell library was empty.

Inventory:

Hand Weapons
 Y - a +0 shortbow (weapon)
Armour
 f - a +0 ring mail (worn)
Potions
 d - a potion of curing {unknown}
 e - a potion of might {unknown}

Dungeon Overview and Level Annotations

Branches:
Dungeon (2/15)

Altars:


Message History

It was a scroll of noise.
Done exploring.
1153 ||| READING scroll labelled XICAFI LUYNN.
The air fills with toxic fumes!
As you read the scroll labelled XICAFI LUYNN, it crumbles to dust.
It was a scroll of poison.
Done exploring.
1154 ||| DRINKING 2 orange potions.
It was a potion of mutation.
You feel extremely strange. A pair of horns grows on your head!
Your regeneration stops near monsters.
The horns on your head shrink away.
You feel clever.
1155 ||| DRINKING potion of mutation.
You feel extremely strange.
You feel stupid.
You begin to regenerate regardless of the presence of monsters.
You feel stupid.
You feel resistant to heat.
Done exploring.
(D) Dungeon
Where to? (* - list waypoints, Enter - D:2, ? - help)
What level of the Dungeon? (default 1, ? - help) Sorry, I don't know how to get there.
Enter note:
Enter note:
Enter note:
Enter note:
Enter note:
Enter note:
Enter note:
Enter note:
Enter note:
Enter note:
Enter note:
Enter note: Really walk into that cloud of poison gas?
You are engulfed in poison gas.
You are lethally poisoned!
You feel very sick.
1157 ||| Stepping ~*~*~tactically~*~*~ (cloud).
You feel very sick.
There is a lethal amount of poison in your body!
You die...

>.##...#......<....# #...........
#.##...###¤........###...........
#..######¤¤¤.....#####...........
##.######¤#¤¤###.¤####...........
##.......¤¤¤¤####¤¤¤##.........>.
..####...¤¤¤¤¤¤¤¤¤¤.....)........
#.##.....¤¤¤¤¤¤¤¤¤####..........#
#.##.....¤¤¤¤¤¤¤¤¤¤###..........#
#........¤¤¤¤¤¤¤@¤¤###%.........#
#..#.....¤¤¤¤¤¤¤¤¤0####.##...####
..##.%...¤¤¤¤¤¤¤0¤¤####.##.#.##
.........¤¤¤¤¤¤¤0¤¤####.##.#..###
##.#.....¤¤¤¤¤0¤¤0¤####.##.##>...
##.##....¤¤¤¤¤¤0¤¤#####.##.#####.
##......)¤¤#¤¤¤¤¤####.......# #.
#######..############.......# ##
# #........# #.......# #


There were no monsters in sight!

Vanquished Creatures
  A worm (D:2)
  A dart slug (D:1)
  5 ball pythons
  4 bats
  4 endoplasms
  A giant cockroach (D:1)
  4 goblins
  A hobgoblin (D:2)
  A quokka (D:1)
  2 frilled lizards (D:2)
  5 kobolds
  3 rats
32 creatures vanquished.

Notes
Turn   | Place    | Note
-------+----------+-------------------------------------------
     0 | D:1      | qw the Deep Elf Hunter began the quest for the Orb.
     0 | D:1      | Reached XP level 1. HP: 12/12 MP: 3/3
     0 | D:1      | 0 ||| qw: Version: 0.3-a-9-g12657ce
     0 | D:1      | 0 ||| qw: Game counter: 1960
     0 | D:1      | 0 ||| qw: Always use a shield: true
     0 | D:1      | 0 ||| qw: God list: Okawaru
     0 | D:1      | 0 ||| qw: Allow faded altars: false
     0 | D:1      | 0 ||| qw: Do Orc after D:15 true
     0 | D:1      | 0 ||| qw: Do second Lair branch before Depths: true
     0 | D:1      | 0 ||| qw: Lair rune preference: random
     0 | D:1      | 0 ||| qw: Plans: Normal
     0 | D:1      | 0 ||| PLANNING D:1-11
   361 | D:1      | 361 ||| FLEEEEING.
   362 | D:1      | 362 ||| FLEEEEING.
   368 | D:1      | Reached skill level 6 in Ranged Weapons
   368 | D:1      | Reached XP level 2. HP: 15/16 MP: 4/4
   635 | D:1      | 635 ||| UPGRADING to +0 ring mail.
   645 | D:1      | 645 ||| DROPPING +0 leather armour.
   646 | D:1      | 646 ||| DROPPING +3 leather armour.
   647 | D:1      | 647 ||| READING scroll labelled UCURAA YNUMAQ.
   648 | D:1      | 648 ||| DROPPING scroll of butterflies.
   691 | D:2      | 691 ||| STAIRDANCE
   694 | D:1      | HP: 4/16 [quokka (2)]
   943 | D:2      | Identified the +0 trident "Foenir" {flame, rC- Str+3 Dex+4}
   948 | D:2      | Reached XP level 3. HP: 20/20 MP: 5/5
  1030 | D:2      | 1030 ||| FLEEEEING.
  1038 | D:2      | 1038 ||| FLEEEEING.
  1039 | D:2      | 1039 ||| FLEEEEING.
  1040 | D:2      | 1040 ||| FLEEEEING.
  1041 | D:2      | 1041 ||| FLEEEEING.
  1042 | D:2      | 1042 ||| FLEEEEING.
  1151 | D:2      | 1151 ||| READING scroll labelled FUGGOOCIQO.
  1152 | D:2      | 1152 ||| READING scroll labelled OMONWU KERR.
  1153 | D:2      | 1153 ||| READING scroll labelled XICAFI LUYNN.
  1154 | D:2      | 1154 ||| DRINKING 2 orange potions.
  1154 | D:2      | Gained mutation: You have a pair of small horns on your
                  | head. [potion of mutation]
  1154 | D:2      | Gained mutation: You do not regenerate when monsters are
                  | visible. [potion of mutation]
  1154 | D:2      | Lost mutation: You have a pair of small horns on your head.
                  | [potion of mutation]
  1154 | D:2      | Gained mutation: Your mind is acute. (Int +4, Str/Dex -1)
                  | [potion of mutation]
  1155 | D:2      | 1155 ||| DRINKING potion of mutation.
  1155 | D:2      | Lost mutation: Your mind is acute. (Int +4, Str/Dex -1)
                  | [potion of mutation]
  1155 | D:2      | Lost mutation: You do not regenerate when monsters are
                  | visible. [potion of mutation]
  1155 | D:2      | Gained mutation: You are dopey. (Int -2) [potion of
                  | mutation]
  1155 | D:2      | Gained mutation: Your flesh is heat resistant. (rF+)
                  | [potion of mutation]
  1157 | D:2      | 1157 ||| Stepping ~*~*~tactically~*~*~ (cloud).
  1157 | D:2      | HP: 4/20 [poisoned by you (poison gas)]
  1158 | D:2      | Succumbed to their own poison gas

Levels and vault maps discovered:
D:1:      onia_arrival_pentagram, layout_loops_ring
D:2:      layout_rooms

Skill      XL: |  1 |
---------------+----+-----
Ranged Weapons | 6 |  6.8
Fighting       | |  1.5
Dodging        | |  2.4
Stealth        | |  1.2

Action                     || total
---------------------------++-------
   Fire: Shortbow          ||    98
    Use: Scroll            ||     4
         Potion            ||     2
 Armour: Leather armour    ||    10
         Ring mail         ||    22
  Dodge: Dodged            ||    29

Table legend:
 A = Non-vault XP
 B = Vault XP
 C = Vault XP percentage of total XP
 D = Non-vault monster count
 E = Vault monster count
 F = Vault count percentage of total count
                 A         B        C        D         E       F
            +---------+---------+-------+---------+---------+-------
      Total |      56 |       0 |   0.0 |      32 |       0 |   0.0
            +---------+---------+-------+---------+---------+-------
        D:1 |      21 |       0 |   0.0 |      11 |       0 |   0.0
        D:2 |      35 |       0 |   0.0 |      21 |       0 |   0.0
            +---------+---------+-------+---------+---------+-------
